 Dungeon Crawl Stone Soup version 0.14.1-3-gd16b60d (webtiles) character file.

3889 Kae the Conjurer (level 10, -3/50 HPs)
             Began as a Tengu Fire Elementalist on May 19, 2014.
             Was a Believer of Vehumet.
             Killed by an exploding giant spore (23 damage)
             ... set off by themself
             ... on Level 8 of the Dungeon.
             The game lasted 00:26:23 (9224 turns).

Kae the Conjurer (Tengu Fire Elementalist)          Turns: 9224, Time: 00:26:23

HP  -3/50        AC  4     Str  8      XL: 10   Next:  8%
MP  48/51        EV 12     Int 22      God: Vehumet [**....]
Gold 376         SH  0     Dex 14      Spells:  5 memorised,  6 levels left

rFire  . . .     SeeInvis .     H - staff of power
rCold  . . .     Clarity  .     a - +0 robe
rNeg   . . .     Conserve .     (no shield)
rPois  .         rCorr    .     (helmet restricted)
rElec  .         rRot     .     h - +1 cloak
SustAb . .       Spirit   .     (no gloves)
rMut   +         Warding  .     (boots unavailable)
Saprov . . .     Stasis   .     k - amulet of resist mutation
MR     .....                    v - ring of magical power
                                (no ring)

@: confused, not resistant to hostile enchantments, very unstealthy
A: able to fly, beak, talons 3, clever 1
a: Fly, Renounce Religion


You were on level 8 of the Dungeon.
You worshipped Vehumet.
Vehumet was pleased with you.
You were not hungry.

You visited 2 branches of the dungeon, and saw 9 of its levels.

You collected 376 gold pieces.

Inventory:

Hand weapons
 g - a +1,+1 mace
 y - a +1,+2 spear of dragon slaying
Missiles
 e - 12 exploding darts (quivered)
Armour
 a - a +0 robe (worn)
 h - a +1 cloak (worn)
Magical devices
 l - a wand of polymorph (9)
 p - a wand of magic darts (17)
 C - a wand of frost (4)
Comestibles
 c - 6 bread rations
 n - an apricot
 o - a choko
 r - an apple
 z - 3 rotting chunks of yak flesh
 D - 2 beef jerkies
 E - 9 cheeses
 F - 4 meat rations
Scrolls
 d - 3 scrolls of identify
 f - 4 scrolls of remove curse
 i - 3 scrolls of recharging
 m - 3 scrolls of magic mapping
 s - 2 scrolls of enchant weapon II
 x - 2 scrolls of enchant weapon I
Jewellery
 k - an amulet of resist mutation (around neck)
 v - a ring of magical power (right hand)
Potions
 j - a potion of heal wounds
 q - 2 potions of haste
 t - 3 potions of curing
 u - a potion of magic
 w - a potion of lignification
 A - a potion of agility
 B - 2 potions of restore abilities
Books
 b - a book of Flames

   Spells                             Type                      Level
   *Flame Tongue                      Conjuration/Fire             1
   *Throw Flame                       Conjuration/Fire             2
   *Conjure Flame                     Conjuration/Fire             3
   Inner Flame                        Hexes/Fire                   3
   *Sticky Flame                      Conjuration/Fire             4
   *Fireball                          Conjuration/Fire             5
Magical staves
 H - an uncursed staff of power (weapon)


   Skills:
 - Level 2.1 Dodging
 - Level 2.0 Stealth
 + Level 6.1 Spellcasting
 * Level 11.2 Conjurations
 * Level 10.3 Fire Magic


You had 6 spell levels left.
You knew the following spells:

 Your Spells              Type           Power        Failure   Level  Hunger
a - Flame Tongue          Conj/Fire      #####        1%          1    None
b - Throw Flame           Conj/Fire      ######       1%          2    None
c - Conjure Flame         Conj/Fire      ######..     1%          3    ##.....
d - Sticky Flame          Conj/Fire      ######..     1%          4    ###....
e - Fireball              Conj/Fire      ######....   3%          5    #####..


Dungeon Overview and Level Annotations

Branches:
Dungeon (8/15)             Temple (1/1) D:6            Lair (0/8) D:8

Altars:
Ashenzari
Dithmenos
Fedhas
Kikubaaqudgha
Nemelex Xobeh
Okawaru
Trog
Vehumet
Xom
Zin


Innate Abilities, Weirdness & Mutations

You can fly.
You have a beak for a mouth.
You have claws for feet.
Your mind is acute. (Int +2)


Message History

You feel a wave of unholy energy pass over you.
The orc priest mumbles some strange prayers to Beogh against you.
Something smites you!
The orc priest mumbles some strange prayers to Beogh against you.
Something smites you!
Casting: Flame Tongue
Confirm with . or Enter, or press ? or * to list all spells.
Aiming: Conjure Flame
Press: ? - help, Dir - move target cursor, p - orc warrior The fire roars!
The orc warrior closely misses you.
The giant spore is engulfed in roaring flames.
The giant spore explodes!
The hobgoblin appears confused.
The explosion of spores engulfs the hobgoblin.
The hobgoblin dies!
The orc warrior appears confused.
The explosion of spores engulfs the orc warrior.
The explosion of spores engulfs you!
You are confused.
You die...

#...).... #######.....f..
........o........ #.# #.# #g#
## #.# ##P
#######.###########.# #.P
.........)§o@........######P.
#######.########..........PP
#.# #...........P #.#
#........<... #.#
#Z........... #.#
#............ #.#
#.........#..
#######.########.........#..
..........................##.


You could see an orc warrior (confused).

Vanquished Creatures
  A komodo dragon (D:8)
  Prince Ribbit (D:6)
  A yak (D:7)
  A human (D:7)
  A water moccasin (D:4)
  2 necrophages
  2 ice beasts (D:5)
  A sky beast (D:7)
  4 ogres (D:7)
  3 orc warriors
  2 centaurs (D:7)
  Sigmund (D:7)
  A big kobold (D:7)
  A wyvern skeleton (D:8)
  A scorpion (D:4)
  4 killer bees
  3 wights (D:7)
  2 jellies
  A goliath beetle (D:7)
  A hound (D:4)
  2 orc wizards (D:6)
  A centaur skeleton (D:4)
  An elf skeleton (D:7)
  2 iguanas
  5 worker ants
  Ijyb (D:7)
  Jessica (D:2)
  3 sheep (D:7)
  4 gnolls (D:4)
  16 adders
  A shadow imp (D:7)
  2 giant mites
  5 worms
  An ufetubus (D:7)
  An orc skeleton (D:5)
  An orc zombie (D:5)
  2 giant eyeballs
  4 giant geckos
  29 orcs
  16 bats
  A bat skeleton (D:1)
  3 giant cockroaches
  15 hobgoblins
  4 jackals (D:1)
  18 kobolds
  3 quokkas
  2 ball pythons
  2 giant newts
  11 goblins
  A hobgoblin zombie (D:5)
  12 rats
  A rat zombie (D:7)
205 creatures vanquished.

Vanquished Creatures (others)
  A hobgoblin (D:8)
  A plant (D:8)
2 creatures vanquished.

Grand Total: 207 creatures vanquished

Notes
Turn   | Place    | Note
--------------------------------------------------------------
     0 | D:1      | Kae, the Tengu Fire Elementalist, began the quest for the Orb.
     0 | D:1      | Reached XP level 1. HP: 10/10 MP: 3/3
   182 | D:1      | Reached XP level 2. HP: 9/15 MP: 0/5
   711 | D:1      | Reached XP level 3. HP: 19/19 MP: 5/7
  1012 | D:2      | Reached skill level 4 in Fire Magic
  1070 | D:2      | Reached XP level 4. HP: 20/24 MP: 3/9
  1999 | D:2      | Noticed Jessica
  2002 | D:2      | Killed Jessica
  2002 | D:2      | Reached XP level 5. HP: 28/28 MP: 12/12
  2011 | D:2      | Found a sparkling altar of Nemelex Xobeh.
  2239 | D:3      | Learned a level 2 spell: Throw Flame
  2243 | D:3      | Learned a level 3 spell: Conjure Flame
  2446 | D:3      | Found an iron altar of Okawaru.
  2486 | D:3      | Reached skill level 5 in Fire Magic
  3035 | D:3      | Reached XP level 6. HP: 32/32 MP: 6/15
  3878 | D:4      | Noticed a water moccasin
  3884 | D:4      | Killed a water moccasin
  3884 | D:4      | Reached skill level 5 in Conjurations
  3942 | D:4      | Reached skill level 6 in Fire Magic
  3943 | D:4      | Reached XP level 7. HP: 33/36 MP: 9/17
  4553 | D:5      | Entered Level 5 of the Dungeon
  4563 | D:5      | Learned a level 4 spell: Sticky Flame
  5010 | D:5      | Reached skill level 7 in Conjurations
  5010 | D:5      | Reached XP level 8. HP: 31/41 MP: 20/20
  5385 | D:5      | Paralysed by a giant eyeball for 4 turns
  5445 | D:5      | Learned a level 5 spell: Fireball
  5655 | D:6      | Found a bloodstained altar of Trog.
  5951 | D:6      | Paralysed by a giant eyeball for 2 turns
  5955 | D:6      | Paralysed by a giant eyeball for 4 turns
  6017 | D:6      | Found a staircase to the Ecumenical Temple.
  6025 | Temple   | Entered the Ecumenical Temple
  6043 | Temple   | Became a worshipper of Vehumet
  6510 | D:6      | Reached skill level 8 in Conjurations
  6837 | D:7      | Noticed Ijyb
  7206 | D:7      | Noticed Sigmund
  7211 | D:7      | Killed Sigmund
  7218 | D:7      | Reached skill level 5 in Spellcasting
  7226 | D:7      | Killed Ijyb
  7226 | D:7      | Reached skill level 9 in Conjurations
  7419 | D:6      | Reached XP level 9. HP: 12/45 MP: 22/22
  7638 | D:7      | Gained mutation: Your mind is acute. (Int +2) [potion of mutation]
  7862 | D:7      | Acquired Vehumet's first power
  7862 | D:7      | Offered knowledge of Sandblast by Vehumet.
  7911 | D:7      | Noticed Prince Ribbit
  7922 | D:6      | Killed Prince Ribbit
  8354 | D:7      | Reached skill level 10 in Conjurations
  8863 | D:7      | Offered knowledge of Magic Dart by Vehumet.
  8863 | D:7      | Reached skill level 10 in Fire Magic
  8891 | D:7      | Reached skill level 11 in Conjurations
  9028 | D:8      | Found a staircase to the Lair.
  9028 | D:8      | Noticed a komodo dragon
  9049 | D:8      | Killed a komodo dragon
  9049 | D:8      | Reached XP level 10. HP: 50/50 MP: 25/25
  9224 | D:8      | Killed by an exploding giant spore... set off by themself

Action                   |  1- 3 |  4- 6 |  7- 9 | 10-12 || total
-------------------------+-------+-------+-------+-------++-------
Melee: Unarmed           |    26 |       |       |       ||    26
       Mace              |    12 |    58 |    62 |       ||   132
       Spear             |       |       |    19 |       ||    19
 Cast: Flame Tongue      |    35 |   107 |   172 |     4 ||   318
       Conjure Flame     |       |     3 |     4 |     2 ||     9
       Throw Flame       |       |     1 |    67 |     2 ||    70
       Sticky Flame      |       |       |    18 |       ||    18
       Fireball          |       |       |     3 |       ||     3
Evoke: Wand              |       |       |     4 |       ||     4
  Use: Potion            |     1 |       |     6 |       ||     7
       Scroll            |       |       |    25 |       ||    25
 Stab: Sleeping          |     1 |       |     3 |       ||     4
